 Dungeon Crawl Stone Soup version 0.31-a0-473-g61b50ae490 (webtiles) character file.

Game seed: 7476798000645086991

13925 Ofeo the Mimic (level 12, -60/87 HPs)
             Began as an Octopode Shapeshifter on Aug 6, 2023.
             Was an Initiate of Gozag.
             Killed from afar by a hellephant (79 damage)
             ... with a blast of flame
             ... on level 1 of the Abyss.
             The game lasted 00:27:13 (12386 turns).

Ofeo the Mimic (Octopode Shapeshifter)             Turns: 12386, Time: 00:27:14

Health: -60/87     AC:  5    Str: 14    XL:     12   Next: 11%
Magic:  0/12       EV: 18    Int: 17    God:    Gozag
Gold:   2159       SH:  0    Dex: 17    Spells: 11/11 levels left

rFire   . . .        b - +10 whip "Jellyslayer" {heavy, Will+}
rCold   . . .        (no shield)
rNeg    + . .        (helmet currently unavailable)
rPois   .            y - amulet of guardian spirit
rElec   .            o - +4 ring of protection
rCorr   .            t - +6 ring of intelligence
SInv    +            w - ring of see invisible
Will    +....        n - ring of positive energy
Stlth   ++++++       (no ring)
HPRegen 0.34/turn    (no ring)
MPRegen 0.13/turn    (no ring)
                     (no ring)

%: guardian spirit
@: beast-form
A: beast (slay +7), almost no armour, amphibious, 8 rings, camouflage 1,
gelatinous body 1, (nimble swimmer 1), tentacles
a: Begin Untransformation, Renounce Religion, Potion Petition, Call Merchant,
Bribe Branch


You were on level 1 of the Abyss.
You worshipped Gozag.
Gozag was most pleased with you.
You were a hulking beast.
You visited 2 branches of the dungeon, and saw 11 of its levels.
You visited the Abyss 1 time.
You also visited: Sewer and Ossuary.

You collected 2261 gold pieces.
You paid 102 gold pieces to Gozag.

Inventory:

Hand Weapons
 a - a +3 heavy orcbow
 b - the +10 whip "Jellyslayer" (weapon) {heavy, Will+}
   (You found it on level 4 of the Dungeon)

   Will:      It increases your willpower.
Missiles
 B - a throwing net
Jewellery
 f - a ring of fire
 n - a ring of positive energy (on tentacle)
 o - a +4 ring of protection (left tentacle)
 t - a +6 ring of intelligence (right tentacle)
 w - a ring of see invisible (on tentacle)
 y - an amulet of guardian spirit (around mantle)
Talismans
 u - a beast talisman (active)
 C - a serpent talisman
Wands
 v - a wand of charming (12)
 z - a wand of iceblast (1) {@v4}
Scrolls
 l - 3 scrolls of immolation
 s - 2 scrolls of teleportation {@r3}
 x - a scroll of revelation
 D - a scroll of fear
Potions
 c - a potion of enlightenment
 d - a potion of lignification
 g - 3 potions of brilliance
 h - 2 potions of heal wounds {@q2}
 j - 2 potions of might {@q4}
 m - 2 potions of attraction
 p - 2 potions of magic
 q - 4 potions of curing {@q1}


   Skills:
 + Level 10.1 Fighting
 + Level 8.7 Dodging
 - Level 10.2 Stealth
 + Level 3.8 Unarmed Combat
 - Level 10.3 Shapeshifting


You had 11 spell levels left.
You didn't know any spells.
Your spell library contained the following spells:

 Spells                   Type           Power      Damage    Failure   Level
 Cause Fear               Hex            0%         N/A       93%         4
 Summon Lightning Spire   Summ/Air       0%         N/A       93%         4
 Fireball                 Conj/Fire      0%         3d3       100%        5
 Lee's Rapid Deconstruct  Erth           0%         3d4*      100%        5
 Dragon's Call            Summ           0%         N/A       100%        9
 Animate Armour           Summ/Erth      Unusable   N/A       N/A         4

Dungeon Overview and Level Annotations

Branches:
Dungeon (10/15)            Temple (1/1) D:4            Lair (0/5) D:10
    Orc (0/2) D:10          Sewer (visited)         Ossuary (visited)

Altars:
Ashenzari
Cheibriados
Dithmenos
Elyvilon
Fedhas
Gozag
Hepliaklqana
Kikubaaqudgha
Makhleb
Nemelex Xobeh
Okawaru
Qazlal
Ru
Sif Muna
Trog
Uskayaw
Vehumet
Wu Jian
Yredelemnul
Zin
The Shining One

Shops:
D:7 :   D:10 [

Annotations:
D:10 2 transporters, Sonja; experimilk's ghost, journeyman TrGl


Innate Abilities, Weirdness & Mutations

You are a hulking beast.
Your limbs bulge with bestial killing power. (Slay +7)
You cannot wear most types of armour.
You are amphibious.
You can wear up to eight rings at the same time.
Your skin changes colour to match your surroundings (Stealth+).
Your rubbery body absorbs attacks. (AC +1, EV +1)
((You are camouflaged when in or above water. (Stealth+)))
You have tentacles for arms and can constrict up to eight enemies at once.


Message History

The small abomination hits you!
The small abomination barely misses you.
You take 14 damage, and have 65/87 hp.
You now have 9/12 mp.
You whack the small abomination!
The small abomination is severely damaged.
The small abomination barely misses you.
You whack the small abomination!
You destroy the small abomination!
You now have 2146 gold pieces (gained 14).
Okay, then.
A blink frog comes into view.
A small abomination comes into view.
The small abomination hits you!!
You take 16 damage, and have 54/87 hp.
You now have 8/12 mp.
You thrash the small abomination!!
The small abomination is almost destroyed.
The small abomination closely misses you.
The small abomination completely misses you.
You thrash the small abomination!!
You destroy the small abomination!
You now have 2159 gold pieces (gained 13).
MP restored: 12 Unknown command.
Found a corrupted altar of Lugonu.
There is a corrupted altar of Lugonu here.
Unknown command.
Press < or > to pray at altars.
A chaos spawn comes into view.
A hellephant comes into view.
A quasit comes into view.
The quasit gives a chilling moan.
The hellephant trumpets!
The quasit completely misses you. The quasit misses you.
The quasit claws you but does no damage.
The hellephant breathes flames at you. The blast of flame hits you!!!
Ouch! That really hurt!
* * * LOW HITPOINT WARNING * * *
The blast of flame hits you!!!!
Ouch! That really hurt!
You die...
Your body crumbles into a pile of gold.

.. ##..
.#.. #..#
## #...# #
.#....##
#Y#......#
#...##
#.....#h#
###..#5##
#.##.. #
.... #..#.
#.##.. #.#
#. ## ..


You could see a hellephant (catching breath) and a quasit.

Vanquished Creatures
  A two-headed ogre (D:8)
  Maurice (D:8)
  A smoke demon (Abyss:1)
  A troll (D:9)
  Grinder (Sewer)
  Prince Ribbit (D:6)
  A shadow (D:10)
  6 yaks (D:9)
  Sigmund (D:5)
  2 steam dragons
  2 acid dragons (D:10)
  2 water moccasins
  3 orc warriors
  An ice beast (D:5)
  A black bear (D:8)
  3 ogres
  A centaur (D:8)
  2 phantoms (D:4)
  6 kobold brigands
  2 small abominations (Abyss:1)
  5 bullfrogs
  A gnoll sergeant (D:9)
  2 water moccasin zombies (Ossuary)
  A scorpion (D:5)
  11 wights
  An electric eel (D:10)
  3 jellies
  2 quasits (Sewer)
  5 orc priests
  2 gnoll boudas
  2 hounds (D:5)
  A sleepcap (D:6)
  2 iguanas
  8 orc wizards
  2 mummies (Ossuary)
  7 gnolls
  A river rat (D:3)
  3 adders
  4 shadow imps
  3 white imps
  4 ufetubi
  5 adder zombies
  A worm (D:4)
  5 dart slugs
  31 orcs
  11 ball pythons
  10 endoplasms
  6 giant cockroaches
  2 gnoll zombies (Ossuary)
  7 goblins
  8 hobgoblins
  4 jackals (D:2)
  52 kobolds
  4 quokkas
  3 bats
  6 frilled lizards
  6 hobgoblin zombies (Ossuary)
  4 kobold zombies
  10 orc zombies (Ossuary)
  5 rats
  2 rat zombies (D:7)
291 creatures vanquished.

Vanquished Creatures (collateral kills)
  An orc (D:6)
1 creature vanquished.

Vanquished Creatures (others)
  An adder zombie (Sewer)
  A giant cockroach zombie (Sewer)
2 creatures vanquished.

Grand Total: 294 creatures vanquished

Notes
Turn   | Place    | Note
-------+----------+-------------------------------------------
     0 | D:1      | Ofeo the Octopode Shapeshifter began the quest for the Orb.
     0 | D:1      | Reached XP level 1. HP: 13/13 MP: 1/1
   133 | D:1      | Reached XP level 2. HP: 11/18 MP: 2/2
   683 | D:2      | Reached XP level 3. HP: 23/23 MP: 3/3
  1302 | D:2      | Reached XP level 4. HP: 29/29 MP: 4/4
  1456 | D:3      | Reached skill level 1 in Stealth
  1479 | D:3      | Reached XP level 5. HP: 26/35 MP: 5/5
  1483 | D:3      | Found a snail-covered altar of Cheibriados.
  1496 | D:3      | Found a glowing silver altar of Zin.
  1496 | D:3      | Noticed an angel
  1587 | D:3      | Found a white marble altar of Elyvilon.
  1646 | D:3      | Identified a scroll of acquirement
  1646 | D:3      | Acquired 468 gold pieces
  1653 | D:3      | Found a glowing drain.
  1686 | Sewer    | Entered a sewer
  1900 | Sewer    | Reached XP level 6. HP: 42/42 MP: 6/6
  1908 | Sewer    | Found a burning altar of Makhleb.
  2254 | Sewer    | Noticed Grinder
  2261 | Sewer    | Paralysed by Grinder for 2 turns
  2279 | Sewer    | Paralysed by Grinder for 2 turns
  2341 | Sewer    | Killed Grinder
  2342 | Sewer    | Reached XP level 7. HP: 47/47 MP: 7/7
  2601 | D:3      | You fall into a shaft and drop 2 floors!
  2601 | D:5      | Entered Level 5 of the Dungeon
  3076 | D:4      | Identified the +10 whip "Jellyslayer" {heavy, Will+}
  3092 | D:4      | Reached skill level 5 in Stealth
  3097 | D:4      | Reached XP level 8. HP: 46/54 MP: 8/8
  3126 | D:4      | Found a sand-covered staircase.
  3135 | Ossuary  | Entered an ossuary
  3172 | Ossuary  | Reached skill level 5 in Dodging
  3277 | Ossuary  | Reached skill level 5 in Shapeshifting
  3521 | D:4      | Found a staircase to the Ecumenical Temple.
  3595 | Temple   | Entered the Ecumenical Temple
  3603 | Temple   | Became a worshipper of Gozag Ym Sagoz the Greedy
  3817 | D:5      | Reached skill level 5 in Fighting
  5080 | D:5      | Noticed Sigmund
  5082 | D:5      | Killed Sigmund
  5083 | D:5      | Reached XP level 9. HP: 61/61 MP: 9/9
  5704 | D:6      | Noticed Prince Ribbit
  5715 | D:6      | Killed Prince Ribbit
  6619 | D:6      | Found a shadowy altar of Dithmenos.
  7342 | D:7      | Found an ancient bone altar of Kikubaaqudgha.
  7582 | D:7      | Found Gujoz's Book Boutique.
  8570 | D:8      | Reached XP level 10. HP: 54/69 MP: 10/10
  8693 | D:8      | Noticed a two-headed ogre
  8699 | D:8      | Killed a two-headed ogre
  8966 | D:8      | Found a shimmering blue altar of Sif Muna.
  8972 | D:8      | Reached skill level 10 in Stealth
  9279 | D:8      | Noticed Maurice
  9298 | D:8      | Killed Maurice
 10994 | D:10     | Entered Level 10 of the Dungeon
 11046 | D:10     | Noticed Sonja
 11050 | D:10     | Found Qepugg's Armour Boutique.
 11050 | D:10     | Found a staircase to the Orcish Mines.
 11072 | D:10     | Found a staircase to the Lair.
 11097 | D:10     | Found a radiant altar of Vehumet.
 11192 | D:10     | Reached XP level 11. HP: 59/77 MP: 7/11
 11450 | D:10     | Found a transporter.
 11468 | D:10     | Found a transporter.
 11565 | D:10     | Reached skill level 10 in Shapeshifting
 11565 | D:10     | Reached XP level 12. HP: 87/87 MP: 12/12
 11591 | D:10     | Reached skill level 10 in Fighting
 11962 | D:10     | Noticed experimilk's ghost (journeyman TrGl)
 12074 | Abyss:1  | Cast into level 1 of the Abyss (Sonja)
 12151 | Abyss:1  | Noticed a thrashing horror
 12166 | Abyss:1  | Noticed a wretched star
 12180 | Abyss:1  | Noticed a tentacled starspawn
 12184 | Abyss:1  | Noticed a tentacled starspawn
 12218 | Abyss:1  | Noticed a tentacled starspawn
 12354 | Abyss:1  | Found a corrupted altar of Lugonu.
 12384 | Abyss:1  | Noticed a hellephant
 12386 | Abyss:1  | Killed from afar by a hellephant

Illustrated notes

Levels and vault maps discovered:
D:1:      eino_arrival_druids_welcome, layout_basic, corexii_hall_statues_i
D:2:      layout_rooms, minmay_misc_feat_more_columns, grunt_ministairs_7
D:3:      layout_rooms, grunt_temple_overflow_order_and_chaos_1,
          old_standard_altar, mainiacjoe_overflow_small_starburst,
          portal_sewer_entry_b
D:4:      layout_rooms, minmay_temple_entry_enclosed_plants,
          nicolae_ossuary_entry_ruins, minmay_misc_feat_cross
D:5:      minmay_evil_eye, layout_loops_corners, dk_rats_in_the_wall,
          uniq_sigmund
D:6:      layout_loops_ring, lemuel_round_altar, uniq_prince_ribbit1
D:7:      layout_cave_pods, lemuel_zombie_altar_kikubaaqudgha, serial_shops,
          nicolae_square_shop
D:8:      layout_cave_pools, nicolae_overflow_hidden_temple, uniq_maurice
D:9:      layout_loops_ring, minmay_misc_feat_four_crosses
D:10:     layout_grid_maze, nicolae_vehumet_altar_sigil, lair_entry_dummy,
          orc_david_3, gammafunk_ghost_stat_death, kennysheep_generic_room_16,
          uniq_sonja
Temple:   nicolae_temple_great_sept
Abyss:1:  base:
D:4

Skill      XL: |  1  2  3  4  5  6  7  8  9 10 11 12 |
---------------+-------------------------------------+-----
Fighting       | 2 3 4 5 6 8 9 10 | 10.1
Dodging        | 3 4 5 7 8 |  8.7
Stealth        | 1 2 4 5 7 9 10 | 10.2
Shapeshifting  | 4 5 6 8 10 | 10.3
Unarmed Combat | |  3.8

Action                     |  1- 3 |  4- 6 |  7- 9 | 10-12 || total
---------------------------+-------+-------+-------+-------++-------
  Melee: Unarmed           |     6 |    25 |     6 |       ||    37
         Constrict         |     2 |    11 |    17 |     5 ||    35
         Punch             |     1 |     3 |     2 |     2 ||     8
         Tentacles         |       |     6 |    21 |    11 ||    38
         Whip              |       |       |    78 |    61 ||   139
   Fire: Orcbow            |    59 |   104 |   181 |    94 ||   438
  Throw: Throwing net      |       |       |       |     1 ||     1
  Evoke: Wand              |       |       |     1 |    12 ||    13
    Use: Scroll            |       |     4 |     8 |    10 ||    22
         Potion            |       |       |     3 |     4 ||     7
   Stab: Sleeping          |       |     1 |     4 |       ||     5
         Distracted        |       |       |     2 |     1 ||     3
 Armour: Skin              |     3 |     9 |    49 |    30 ||    91
  Dodge: Dodged            |    14 |    52 |   154 |    96 ||   316
   Form: Anaconda          |       |       |       |     1 ||     1
         Beast             |       |       |       |     1 ||     1

Table legend: (Time is in decaauts)
 A = Elapsed time spent in this place.
 B = Non-inter-level travel time spent in this place.
 C = Inter-level travel time spent in this place.
 D = Time resting spent in this place.
 E = Time spent auto-exploring this place.
 F = Levels seen in this place.
 G = Mean time per level.
                   A        B        C        D        E       F      G
               +--------+--------+--------+--------+--------+-----+--------+
         Total |  12994 |  12664 |    330 |   2783 |   6230 |  14 |  928.1 |
       Dungeon |  11430 |  11114 |    316 |   2302 |   6184 |  10 | 1143.0 |
        Temple |     16 |      2 |     14 |      0 |      0 |   1 |   16.0 |
         Abyss |    325 |    325 |      0 |      0 |      0 |   1 |  325.0 |
         Sewer |    988 |    988 |      0 |    438 |     46 |   1 |  988.0 |
       Ossuary |    234 |    234 |      0 |     43 |      0 |   1 |  234.0 |
               +--------+--------+--------+--------+--------+-----+--------+

Top non-repeatable levels by time:
     D:5: 1771 daAuts
     D:7: 1745 daAuts
     D:6: 1704 daAuts
     D:9: 1267 daAuts
     D:8: 1200 daAuts
    D:10: 1132 daAuts
   Sewer: 988 daAuts
     D:4: 794 daAuts
     D:2: 792 daAuts
     D:1: 667 daAuts
     D:3: 352 daAuts
 Abyss:1: 325 daAuts
 Ossuary: 234 daAuts
  Temple: 16 daAuts
